 Dungeon Crawl Stone Soup version 0.20.0-15-g7f486f2 (webtiles) character file.

58 greprep the Magician (level 3, -3/19 HPs)
             Began as a Deep Elf Fire Elementalist on June 23, 2017.
             Killed from afar by Sigmund (11 damage)
             ... with a puff of flame
             ... on level 2 of the Dungeon.
             The game lasted 00:05:24 (2617 turns).

greprep the Magician (Deep Elf Fire Elementalist)   Turns: 2617, Time: 00:05:26

Health: -3/19      AC:  2    Str:  5    XL:     3   Next: 75%
Magic:  0/10       EV: 13    Int: 20    God:
Gold:   70         SH:  0    Dex: 15    Spells: 7/10 levels left

rFire    . . .     SeeInvis .   (no weapon)
rCold    . . .     Gourm    .   (no shield)
rNeg     . . .     Faith    .   a - +0 robe
rPois    .         Spirit   .   (no helmet)
rElec    .         Reflect  .   (no cloak)
rCorr    .         Harm     .   (no gloves)
MR       .....                  (no boots)
Stlth    +.........             (no amulet)
Regen    0.1/turn               (no ring)
MPRegen  0.2/turn               (no ring)

@: confused
A: no striking features
a: no special abilities


You were on level 2 of the Dungeon.
You were not hungry.

You visited 1 branch of the dungeon, and saw 2 of its levels.

You collected 70 gold pieces.

Inventory:

Armour
 a - a +0 robe (worn)
 h - a +0 helmet
Jewellery
 j - an uncursed amulet of regeneration {unknown}
Scrolls
 e - 3 scrolls of teleportation {unknown}
 g - 2 scrolls of remove curse {unknown}
 i - a scroll of recharging {unknown}
 o - a scroll of amnesia {unknown}
Potions
 f - a potion of heal wounds {unknown}
 k - a potion of invisibility {unknown}
 l - a potion of flight {unknown}
 n - a potion of degeneration {unknown}
Books
 b - a book of Flames

   Spells                             Type                      Level
   a - Flame Tongue                   Conjuration/Fire             1
   b - Throw Flame                    Conjuration/Fire             2
   c - Conjure Flame                  Conjuration/Fire             3
   d - Inner Flame                    Hexes/Fire                   3
   e - Sticky Flame                   Conjuration/Fire             4
   f - Fireball                       Conjuration/Fire             5
Comestibles
 c - a bread ration
 d - 2 meat rations


   Skills:
 + Level 3.0 Dodging
 + Level 2.5 Stealth
 + Level 4.1 Spellcasting
 + Level 2.0 Conjurations
 + Level 3.8 Fire Magic


You had 7 spell levels left.
You knew the following spells:

 Your Spells              Type           Power        Failure   Level  Hunger
a - Flame Tongue          Conj/Fire      ###..        3%          1    None
b - Throw Flame           Conj/Fire      ###...       6%          2    #......


Dungeon Overview and Level Annotations

Branches:
Dungeon (2/15)

Altars:
Ashenzari

Annotations:
D:2 Sigmund


Message History

Aim: Sigmund, wielding a scythe and wearing a robe (heavily wounded)
The puff of flame hits Sigmund.
Sigmund is severely wounded.
Casting: Throw Flame
Confirm with . or Enter, or press ? or * to list all spells.
Aiming: Throw Flame
Press: ? - help, Shift-Dir - straight line, f/p - Sigmund
Aim: Sigmund, wielding a scythe and wearing a robe (severely wounded)
The puff of flame hits Sigmund.
Sigmund is almost dead.
Sigmund says, "Your kind have come here before.
I understand now why.
You desire death..."
Sigmund casts a spell at you.
You are confused.
Sigmund mumbles some strange words.
Sigmund flickers and vanishes!
You see here a ring mail.
A puff of flame appears from out of thin air!
The puff of flame hits you!
Ouch! That really hurt!
You die...

..###..............##...<..#
#.......#..........#########
#.......##.....†.......#
..[................###...
........†..........# #
...................#
........#..........#####
...######..............###
##..##
##......@[.......#####
##..## ##..#......#........#
##..### #.########.#.......#
##...###.# ##{#....$.#
###.....# ##.......###.
####..# #............ #..##
#..%.....?... #...##
##........... #....#
#..##........


There were no monsters in sight!

Vanquished Creatures
  5 dart slugs (D:1)
  3 leopard geckos (D:1)
  2 ball pythons (D:2)
  3 bats (D:1)
  4 giant cockroaches
  2 goblins (D:1)
  5 hobgoblins (D:1)
  9 jackals
  2 kobolds (D:1)
  4 rats
39 creatures vanquished.

Notes
Turn   | Place    | Note
-------+----------+-------------------------------------------
     0 | D:1      | greprep the Deep Elf Fire Elementalist began the quest for the Orb.
     0 | D:1      | Reached XP level 1. HP: 10/10 MP: 6/6
   352 | D:1      | Reached XP level 2. HP: 15/15 MP: 5/8
  1221 | D:1      | Found a shattered altar of Ashenzari.
  1700 | D:1      | Reached XP level 3. HP: 19/19 MP: 7/10
  1845 | D:1      | Reached skill level 4 in Spellcasting
  2543 | D:2      | Noticed Sigmund
  2552 | D:2      | Learned a level 2 spell: Throw Flame
  2617 | D:2      | Killed from afar by Sigmund

Skill      XL: |  1  2  3 |
---------------+----------+-----
Spellcasting   | 4 |  4.1
Dodging        | 3 |  3.0
Conjurations   | 2 |  2.0
Stealth        | |  2.5
Fire Magic     | |  3.8

Action                   || total
-------------------------++-------
Melee: Unarmed           ||     3
 Cast: Flame Tongue      ||    78
       Throw Flame       ||     8
  Eat: Chunk             ||     5
Armor: Robe              ||    11
Dodge: Dodged            ||    37
